 Dungeon Crawl Stone Soup version 0.24.0-13-gcf9b319 (webtiles) character file.

Game seed: 6360719993811766032, levelgen mode: deterministic

11008 Fang the Fighter (level 11, -8/73 HPs)
             Began as a Gargoyle Berserker on Nov 22, 2019.
             Was a High Priest of Trog.
             Mangled by a titanic slime creature (45 damage)
             ... on level 12 of the Dungeon.
             The game lasted 00:11:23 (10495 turns).

Fang the Fighter (Gargoyle Berserker)              Turns: 10495, Time: 00:11:23

Health: -8/73      AC: 27    Str: 24    XL:     11   Next: 71%
Magic:  11/11      EV:  6    Int:  8    God:    Trog [*****.]
Gold:   848        SH: 12    Dex: 13    Spells: 10/10 levels left

rFire    . . .     SeeInvis .   a - +0 war axe
rCold    . . .     Gourm    .   n - +0 large shield
rNeg     + + .     Faith    .   b - +1 plate armour
rPois    ∞         Spirit   .   (no helmet)
rElec    +         Reflect  .   d - +2 cloak
rCorr    .         Harm     .   (no gloves)
MR       .....                  (no boots)
Stlth    ..........             L - amulet of rage
HPRegen  0.22/turn              q - +4 ring of dexterity
MPRegen  0.12/turn              m - ring of positive energy

@: no status effects
A: negative energy resistance 1, electricity resistance, unbreathing,
petrification resistance, rot immunity, AC +8
a: Berserk, Trog's Hand, Brothers in Arms, Renounce Religion, Evoke Berserk Rage


You were on level 12 of the Dungeon.
You worshipped Trog.
Trog was extremely pleased with you.
You were very hungry.

You visited 2 branches of the dungeon, and saw 13 of its levels.
You also visited: Ossuary.

You collected 918 gold pieces.
You spent 70 gold pieces at shops.

Inventory:

Hand Weapons
 a - a +0 war axe (weapon)
Armour
 b - a +1 plate armour (worn)
 d - a +2 cloak (worn)
 n - a +0 large shield (worn)
Jewellery
 m - a ring of positive energy (right hand)
 q - a +4 ring of dexterity (left hand)
 F - an uncursed amulet of guardian spirit
 L - an amulet of rage (around neck)
Wands
 o - a wand of iceblast (17)
 w - a wand of flame (22)
 y - a wand of disintegration (32)
 H - a wand of random effects (25)
Scrolls
 e - 2 scrolls of identify
 f - 3 scrolls of blinking
 i - 4 scrolls of teleportation
 p - 5 scrolls of remove curse
 z - 2 scrolls of magic mapping
Potions
 g - 4 potions of might
 h - 5 potions of flight
 j - 4 potions of heal wounds
 k - 5 potions of brilliance {unknown}
 r - 3 potions of haste {unknown}
 s - 5 potions of curing
 t - 5 potions of agility
 u - a potion of invisibility
 v - 3 potions of berserk rage
 x - a potion of mutation
 C - a potion of cancellation
 D - a potion of ambrosia {unknown}
 E - a potion of degeneration {unknown}
 G - a potion of magic {unknown}
Comestibles
 c - 24 rations
 l - 9 chunks of flesh


   Skills:
 + Level 10.5 Fighting
 + Level 8.9 Axes
 + Level 10.2 Armour
 + Level 7.9 Dodging


You had 10 spell levels left.
You didn't know any spells.
Your spell library was empty.

Dungeon Overview and Level Annotations

Branches:
Dungeon (12/15)            Temple (1/1) D:4            Lair (0/6) D:10
Ossuary (visited)
    Orc: D:9-12

Altars:
Cheibriados
Dithmenos
Fedhas
Gozag
Okawaru
Ru
Trog
Wu Jian
Yredelemnul

Shops:
D:9 [   D:10 }   D:11 %!%

Annotations:
D:9 3 runed translucent doors, Fang's ghost, novice GrBe


Innate Abilities, Weirdness & Mutations

You are resistant to torment.
Your stone body is resilient. (AC +8)
You are immune to poison.
You resist negative energy. (rN+)
You are resistant to electric shocks. (rElec)
You can survive without breathing.
You are immune to petrification.
You are immune to rotting.


Message History

A deep elf mage comes into view.
It is wielding a -3 long sword and wearing a +2 leather armour of cold resistance.
You hear the steady crackling of a melting archway nearby.
The deep elf mage shouts!
You hear a shout! x2
There is an open door here.
The deep elf mage gestures wildly while chanting.
The deep elf mage blinks!
Your ogre goes berserk!
You are feeling very hungry.
You block the titanic slime creature's attack.
Your ogre hits the titanic slime creature with a cursed -2 giant club!!!
Your ogre hits the titanic slime creature with a cursed -2 giant club!!
Your ogre hits the titanic slime creature with a cursed -2 giant club!!
Your ogre barely misses the titanic slime creature.
Your ogre hits the titanic slime creature with a cursed -2 giant club!
You hit the titanic slime creature but do no damage.
The titanic slime creature is severely wounded.
You slash the slime creature! The slime creature hits you.
The titanic slime creature hits you!!!
Ouch! That really hurt!
You die...

##..# #..##
######'######
#....÷÷÷..<.#
#...........#
#<...|......#
##...........#
#............#######..
#.)..@JO.....'.†.....#
#.......J......#######.#
...#...........# #
#.........[.#
#...........#
#...........#
#######+#####


You could see a titanic slime creature, a slime creature and a friendly ogre
(berserk).

Vanquished Creatures
  3 two-headed ogres
  An ugly thing (D:10)
  A troll (D:11)
  A hornet (D:11)
  Grinder (D:5)
  4 hippogriffs
  Sigmund (D:5)
  A spriggan (D:9)
  3 yaks (D:9)
  A wyvern (D:9)
  Edmund (D:5)
  4 water moccasins
  An acid dragon (D:8)
  2 black bears
  3 ice beasts
  3 orc warriors
  An eye of draining (D:8)
  3 sky beasts
  4 ogres
  A centaur (D:11)
  A wolf (D:7)
  A crocodile (D:9)
  A big kobold (D:9)
  2 elf zombies (Ossuary)
  Blork the orc (D:5)
  7 bullfrogs
  2 gnoll sergeants
  2 scorpions
  5 killer bees (D:12)
  5 wights (D:7)
  6 howler monkeys
  4 crimson imps
  4 centaur zombies
  A bullfrog zombie (D:6)
  5 hounds
  A bullfrog skeleton (D:6)
  2 gnoll shamans (D:7)
  5 orc priests
  Crazy Yiuf (D:2)
  8 orc wizards
  3 iguanas
  5 worker ants
  A killer bee zombie (D:6)
  A big kobold zombie (Ossuary)
  2 hound zombies (Ossuary)
  2 hound skeletons
  3 mummies (Ossuary)
  A howler monkey zombie (D:5)
  A worker ant zombie (D:7)
  21 gnolls
  8 adders
  A shadow imp (D:8)
  3 oozes
  8 adder zombies
  2 adder skeletons
  3 worms
  2 dart slugs
  6 leopard geckos
  20 orcs
  A giant cockroach (D:1)
  5 goblins
  6 hobgoblins
  6 jackals
  3 quokkas
  2 ball pythons
  9 bats
  8 frilled lizards
  2 goblin zombies (Ossuary)
  4 hobgoblin zombies (Ossuary)
  3 jackal zombies
  10 kobolds
  3 kobold zombies (Ossuary)
  2 leopard gecko skeletons
  2 orc zombies (Ossuary)
  7 quokka zombies (Ossuary)
  5 rats
  2 rat zombies (Ossuary)
  3 fungi (D:2)
280 creatures vanquished.

Vanquished Creatures (collateral kills)
  A hydra (D:11)
  A two-headed ogre (D:11)
  A centaur skeleton (D:11)
  A wraith (D:11)
  A howler monkey (D:11)
  A bullfrog skeleton (D:11)
6 creatures vanquished.

Grand Total: 286 creatures vanquished

Notes
Turn   | Place    | Note
-------+----------+-------------------------------------------
     0 | D:1      | Fang the Gargoyle Berserker began the quest for the Orb.
     0 | D:1      | Reached XP level 1. HP: 14/14 MP: 1/1
    84 | D:1      | Reached XP level 2. HP: 14/19 MP: 2/2
   629 | D:2      | Reached XP level 3. HP: 23/23 MP: 3/3
   807 | D:2      | Reached ** piety under Trog
   849 | D:2      | HP: 1/36 [gnoll/+0 flail (11)]
   851 | D:2      | Reached XP level 4. HP: 2/29 MP: 4/4
  1274 | D:2      | Found a bloodstained altar of Trog.
  1274 | D:2      | Found a sacrificial altar of Ru.
  1275 | D:2      | Found a basalt altar of Yredelemnul.
  1861 | D:2      | Found a runed translucent door.
  1862 | D:2      | Noticed Crazy Yiuf
  1872 | D:2      | Killed Crazy Yiuf
  1872 | D:2      | Reached XP level 5. HP: 33/33 MP: 5/5
  2564 | D:4      | Found a staircase to the Ecumenical Temple.
  2593 | Temple   | Entered the Ecumenical Temple
  2723 | D:4      | Found a blossoming altar of Fedhas.
  2981 | D:4      | Found a sand-covered staircase.
  2988 | Ossuary  | Entered an ossuary
  3008 | Ossuary  | Reached XP level 6. HP: 34/39 MP: 6/6
  3025 | Ossuary  | Reached *** piety under Trog
  3499 | Ossuary  | Reached skill level 5 in Fighting
  3505 | Ossuary  | Reached XP level 7. HP: 23/44 MP: 7/7
  4109 | D:4      | Found an iron altar of Okawaru.
  4342 | D:5      | Entered Level 5 of the Dungeon
  4522 | D:5      | Reached skill level 5 in Armour
  4780 | D:5      | Reached XP level 8. HP: 45/51 MP: 8/8
  4835 | D:5      | Noticed Sigmund
  4841 | D:5      | Noticed Blork the orc
  4842 | D:5      | Killed Sigmund
  4842 | D:5      | Reached skill level 5 in Axes
  4848 | D:5      | Killed Blork the orc
  4985 | D:5      | Noticed Edmund
  5006 | D:5      | Killed Edmund
  5041 | D:5      | Noticed Grinder
  5064 | D:5      | Paralysed by Grinder for 4 turns
  5076 | D:5      | Killed Grinder
  5476 | D:5      | Reached XP level 9. HP: 49/56 MP: 9/9
  5557 | D:6      | Reached **** piety under Trog
  5938 | D:6      | Reached skill level 5 in Dodging
  7206 | D:7      | Reached ***** piety under Trog
  7316 | D:7      | Reached XP level 10. HP: 64/64 MP: 8/10
  8202 | D:9      | Noticed a two-headed ogre
  8214 | D:9      | Killed a two-headed ogre
  8349 | D:9      | Found a shadowy altar of Dithmenos.
  8497 | D:9      | Found Cicodum's Antique Armour Boutique.
  8607 | D:9      | Found a runed translucent gate.
  8607 | D:9      | Found a runed translucent gate.
  8608 | D:9      | Found a runed translucent gate.
  8608 | D:9      | Found an opulent altar of Gozag.
  8609 | D:9      | Noticed a gargoyle
  8701 | D:9      | Noticed Fang's ghost (novice GrBe)
  9163 | D:9      | Reached XP level 11. HP: 71/71 MP: 11/11
  9216 | D:10     | Entered Level 10 of the Dungeon
  9291 | D:10     | Noticed a two-headed ogre
  9306 | D:10     | Killed a two-headed ogre
  9362 | D:10     | Noticed a purple ugly thing
  9377 | D:10     | Killed a purple ugly thing
  9710 | D:10     | Found Cavops's Gadget Shop.
  9722 | D:10     | Found a staircase to the Lair.
  9880 | D:11     | Noticed a two-headed ogre
  9894 | D:11     | Reached skill level 10 in Fighting
  9897 | D:11     | Killed a two-headed ogre
 10061 | D:11     | Found Mukh's Food Shop.
 10065 | D:11     | Found Weaqoist's Food Emporium.
 10090 | D:11     | Noticed a seven-headed hydra
 10096 | D:11     | Killed a nine-headed hydra
 10099 | D:11     | Noticed a two-headed ogre
 10104 | D:11     | Killed a two-headed ogre
 10109 | D:11     | Reached skill level 10 in Armour
 10124 | D:11     | Found Gefipuve's Distillery.
 10147 | D:11     | Bought a potion of heal wounds for 70 gold pieces
 10256 | D:11     | You fall into a shaft and drop 1 floor!
 10485 | D:12     | Noticed a deep elf mage
 10495 | D:12     | Mangled by a titanic slime creature

Levels and vault maps discovered:
D:1:      dpeg_arrival_renting, layout_basic
D:2:      layout_rooms, gammafunk_temple_overflow_claw, first_ration,
          dk_noncrumbling_3, uniq_crazy_yiuf_cottage
D:3:      layout_rooms, nicolae_overflow_hidden_temple
D:4:      layout_loops_ring, lemuel_doored_altar, lemuel_coloured_pillars_altar,
          minmay_temple_entry_proselytizer, nicolae_ossuary_entry_monument,
          chequers_serial_rivers_small_a, serial_bayou_ford_a,
          hangedman_decor_push, minmay_misc_feat_rows,
          hangedman_abyss_or_decor_passed, grunt_decor_arrowhead
D:5:      layout_loops_ring, chequers_jeans, st_stairs_11, uniq_sigmund,
          uniq_edmund, uniq_grinder, uniq_blork_the_orc
D:6:      layout_basic
D:7:      layout_cave_pods, serial_gnoll_camp, gnoll_camp_mini_loothouse,
          gnoll_camp_medium_02, gnoll_camp_mini_basic, gnoll_camp_mini_hut
D:8:      layout_rooms
D:9:      layout_irregular_city, kennysheep_mini, ebering_ghost_gozag,
          serial_shops, nicolae_shop_behind_doors, the_bakery
D:10:     layout_basic, lair_entry_dummy, serial_shops, shop,
          minmay_misc_feat_rugged
D:11:     layout_big_octagon, serial_shops, shop_coins, nicolae_shop_trees,
          shop_coins, kennysheep_generic_room_13
D:12:     layout_roguey, david_orc_2, portal_ice_cave_entry_imps
Temple:   regret_index_temple_waves

Skill      XL: |  1  2  3  4  5  6  7  8  9 10 11 |
---------------+----------------------------------+-----
Axes           | 3 4 5 6 8 |  8.9
Dodging        | 2 3 4 5 7 |  7.9
Armour         | 3 4 5 6 7 9 10 | 10.2
Fighting       | 4 5 6 8 9 10 | 10.5

Action                   |  1- 3 |  4- 6 |  7- 9 | 10-12 || total
-------------------------+-------+-------+-------+-------++-------
Melee: Hand axe          |   107 |   346 |   552 |       ||  1005
       War axe           |       |       |    17 |   395 ||   412
Invok: Berserk           |     1 |     2 |    10 |     5 ||    18
       Trog's Hand       |       |     1 |     1 |     2 ||     4
       Brothers in Arms  |       |       |       |     3 ||     3
  Use: Scroll            |       |       |       |    20 ||    20
       Potion            |       |       |       |     1 ||     1
  Eat: Chunk             |       |     7 |    15 |    17 ||    39
       Ration            |       |     1 |     3 |       ||     4
Armor: Animal skin       |    36 |   143 |   157 |       ||   336
       Plate armour      |       |       |   153 |   364 ||   517
Dodge: Dodged            |    71 |    92 |   136 |   122 ||   421
Block: Large shield      |     5 |   177 |   364 |   363 ||   909
